AoeStats
← 378080739

Arena

510349986Analyzed
4v4 RM · 1d ago on Sep 30, 2026· 42m 41s· 8 players
Game mode
Random Map
Map size
Large (8 player)
Population
200
Speed
Normal
Resources
Standard
Victory
Conquest
Starting age
Dark Age
Ending age
Imperial Age
RankedLock teamsTeams togetherTeam positionsShared explorationLock speedFull tech treeHidden civsTurbo modeCheats
Victory
Defeat
🇹🇷 Tatars · Türkiye
1072
+15
🇨🇳 Khmer · China
1050
+16
🇨🇳 Khmer · China
1042
+16
🇨🇳 Vikings · China
983
+18
🇹🇷 Persians · Türkiye
1088
-19
🇦🇷 Danes · Argentina
1046
-16
🇺🇸 Bohemians · United States
1026
-16
🇩🇪 Mapuche · Germany
997
-14
king vitt
0:30 Loom
17:22 Feudal Age
20:03 Castle Age
18:27 Double-Bit Axe
18:27 Horse Collar
20:47 Wheelbarrow
21:00 Bow Saw
20:53 Heavy Plow
22:29 Hand Cart
26:13 Gold Mining
26:23 Stone Mining
27:52 Gold Shaft Mining
27:57 Stone Shaft Mining
27:57 Town Watch
31:13 Imperial Age
30:14 Fortified Wall
30:33 Husbandry
30:43 Bloodlines
30:55 Town Patrol
31:39 Ballistics
31:29 Scale Barding Armor
31:17 Elite Ballista Elephant
32:19 Conscription
31:31 Heavy Scorpion
33:08 Chain Barding Armor
33:15 Double Crossbow
33:07 Light Cavalry
34:26 Plate Barding Armor
35:32 Chemistry
34:38 Siege Engineers
37:51 Masonry
37:39 Murder Holes
37:58 Forging
37:14 Hussar
378080739
0:28 Loom
11:47 Feudal Age
16:40 Castle Age
15:41 Stone Mining
15:38 Double-Bit Axe
15:47 Gold Mining
19:45 Bow Saw
25:55 Fletching
28:25 Horse Collar
31:54 Imperial Age
30:53 Heavy Plow
32:16 Elite Ballista Elephant
33:22 Double Crossbow
33:56 Conscription
33:48 Siege Engineers
35:29 Wheelbarrow
35:40 Ballistics
37:27 Hand Cart
38:25 Crop Rotation
39:50 Chemistry
41:20 Bloodlines
41:11 Husbandry
41:33 Light Cavalry
42:59 Forging
42:55 Scale Barding Armor
党卫军
4:59 Loom
13:27 Feudal Age
14:33 Horse Collar
15:12 Double-Bit Axe
Kebabs&Roses
10:48 Feudal Age
11:47 Double-Bit Axe
14:32 Castle Age
13:27 Horse Collar
16:41 Bow Saw
21:53 Wheelbarrow
21:03 Loom
21:47 Gold Mining
22:54 Fletching
24:37 Hand Cart
25:11 Bodkin Arrow
27:57 Bloodlines
27:48 Husbandry
28:00 Padded Archer Armor
28:29 Silk Armor
29:29 Ballistics
29:29 Leather Archer Armor
32:04 Imperial Age
30:16 Murder Holes
31:30 Gold Shaft Mining
31:43 Masonry
32:28 Heavy Cavalry Archer
33:32 Bracer
36:18 Chemistry
37:43 Ring Archer Armor
36:42 Light Cavalry
37:55 Caravan
43:02 Conscription
Nuhro
11:49 Feudal Age
15:24 Castle Age
13:43 Horse Collar
14:57 Loom
16:44 Double-Bit Axe
21:52 Heavy Plow
22:38 Bow Saw
23:47 Wheelbarrow
26:11 Hand Cart
27:00 Town Watch
27:30 Gold Mining
27:33 Stone Mining
28:01 Stone Mining
32:24 Imperial Age
30:50 Stone Shaft Mining
30:41 Bloodlines
30:32 Husbandry
32:14 Gold Shaft Mining
31:54 Masonry
32:09 Ballistics
31:49 Fletching
32:35 Bodkin Arrow
34:20 Architecture
35:33 Light Cavalry
37:24 Scale Barding Armor
38:38 Two-Man Saw
37:56 Hussar
40:19 Chain Barding Armor
40:11 Forging
JohnSalchichon
10:10 Feudal Age
14:58 Castle Age
16:13 Double-Bit Axe
16:12 Horse Collar
22:45 Forging
25:10 Scale Mail Armor
25:51 Pikeman
26:32 Squires
30:23 Imperial Age
28:09 Bow Saw
28:00 Heavy Plow
28:27 Loom
29:17 Wheelbarrow
30:13 Iron Casting
29:53 Chain Mail Armor
33:55 Conscription
33:33 Gold Mining
34:02 Hand Cart
33:33 Town Watch
35:21 Hamask
38:46 Block Printing
Pandinus
0:47 Loom
10:43 Feudal Age
16:47 Castle Age
14:47 Double-Bit Axe
15:11 Horse Collar
20:51 Wheelbarrow
20:21 Town Watch
21:26 Fletching
26:39 Bodkin Arrow
27:27 Padded Archer Armor
29:22 Leather Archer Armor
29:49 Bow Saw
29:42 Heavy Plow
33:38 Imperial Age
32:03 Fervor
32:15 Hand Cart
32:00 Gold Mining
32:03 Stone Mining
32:38 Ballistics
32:42 Scale Mail Armor
33:49 Town Patrol
34:10 Chain Mail Armor
33:38 Treadmill Crane
35:37 Crop Rotation
37:23 Conscription
uri.nimrod
7:14 Loom
9:55 Feudal Age
21:28 Castle Age
20:07 Horse Collar
20:14 Double-Bit Axe
22:29 Heavy Plow
22:44 Bow Saw
28:19 Imperial Age
28:49 Chemistry
28:27 Wheelbarrow
29:50 Hand Cart
30:54 Conscription
34:10 Bombard Tower
34:12 Ballistics
34:35 Hussite Reforms
35:49 Block Printing
37:16 Theocracy
37:06 Fletching
37:27 Forging
40:03 Houfnice
41:16 Redemption
Connection lost

Rejoining the realm…

Still unreachable

The connection could not be restored.

Session expired

The server has moved on; the page needs a fresh start.